cohdb
Replays
Latest Replays
All Replays
Popular Replays
Top Player Replays
Match Explorer
How It Works
Community
CoH3 Stats
Reddit
Sign in to upload your games and track your stats! →
Sign in with Steam
Match 45697679
Unlisted
Match 45697679
Overview
Messages
Build Orders
End
Kradschützen Motorcycle Team
Panzergrenadier Squad
250 Light Carrier
Construct Light Support Kompanie
MG34 Team
MG34 Team
Fire Support Elements
Assault Grenadier Squad
Veteran Squad Leaders
Selects Panzerjäger Kommand Battlegroup
Selects Mine Fields
Selects Defensive Positions
Panzerjäger Mechanized Group
2.5-tonne Medical Truck
Construct Panzerarmee Kommand
Selects Butterfly Bomb Drop
Selects Tank Busters
Butterfly Bomb Drop
Walking Stuka Rocket Launcher
Panzergrenadier Squad
Vehicle Survival Package
Butterfly Bomb Drop
Walking Stuka Rocket Launcher
Butterfly Bomb Drop
Panzerjäger Mechanized Group
~TAB~ THUND3RCHUNKY
PINOCHET
GoLdenCoBRaaa
castiellolee
0
0
Comments
sign in to comment!
No comments posted yet!